 Dungeon Crawl Stone Soup version 0.22-a0-570-g58866f5 (webtiles) character file.

53 iamserjio the Skirmisher (level 3, -2/24 HPs)
             Began as a Gargoyle Fighter on June 30, 2018.
             Killed by divine providence
             ... invoked by an orc priest
              (13 damage)
             ... on level 4 of the Dungeon.
             The game lasted 00:01:59 (294 turns).

iamserjio the Skirmisher (Gargoyle Fighter)          Turns: 294, Time: 00:01:59

Health: -2/24      AC: 10    Str: 24    XL:     3   Next: 89%
Magic:  3/3        EV:  7    Int:  8    God:
Gold:   32         SH:  9    Dex: 10    Spells: 2/2 levels left

rFire    . . .     SeeInvis .   a - +0 war axe
rCold    . . .     Gourm    .   c - +0 shield
rNeg     + . .     Faith    .   b - +0 scale mail
rPois    ∞         Spirit   .   (no helmet)
rElec    +         Reflect  .   (no cloak)
rCorr    .         Harm     .   (no gloves)
MR       .....                  (no boots)
Stlth    ..........             (no amulet)
HPRegen  0.08/turn              (no ring)
MPRegen  0.08/turn              (no ring)

@: mighty
A: negative energy resistance 1, electricity resistance, unbreathing,
petrification resistance, rot immunity, AC +3
a: no special abilities


You were on level 4 of the Dungeon.
You were not hungry.

You visited 1 branch of the dungeon, and saw 4 of its levels.

You collected 32 gold pieces.

Inventory:

Hand Weapons
 a - a +0 war axe (weapon)
Missiles
 i - 4 poisoned needles
Armour
 b - a +0 scale mail (worn)
 c - a +0 shield (worn)
Scrolls
 e - a scroll of teleportation {unknown}
 g - a scroll of identify {unknown}
 j - a scroll of amnesia {unknown}
 k - a scroll of remove curse {unknown}
Potions
 h - a potion of degeneration {unknown}
Comestibles
 f - 3 rations


   Skills:
 + Level 3.7 Fighting
 * Level 2.6 Axes
 + Level 3.7 Armour
 + Level 3.7 Shields


You had 2 spell levels left.
You didn't know any spells.
Your spell library was empty.

Dungeon Overview and Level Annotations

Branches:
Dungeon (4/15)
 Temple: D:4-7

Altars:


Innate Abilities, Weirdness & Mutations

You are resistant to torment.
Your stone body is resilient. (AC +3)
You are immune to poison.
You resist negative energy. (rN+)
You are resistant to electric shocks. (rElec)
You can survive without breathing.
You are immune to petrification.
You are immune to rotting.


Message History

You barely miss the orc. The orc wizard casts a spell at you.
The magic dart hits you! You block the orc's attack.
The dart slug launches a dart at you. You block the slug dart.
You hit the orc.
The orc is lightly wounded.
The orc priest calls upon Beogh to heal the orc.
The orc's wounds heal themselves!
The orc wizard casts a spell.
The orc wizard seems to speed up.
The orc hits you with a whip.
The orc wizard gestures wildly while chanting.
The orc wizard blinks!
The orc hits you but does no damage. The dart slug launches a dart at you.
The slug dart misses you.
Your shield and scale mail prevent you from hitting the orc.
The orc priest calls down the wrath of Beogh upon you.
Beogh smites you!
Ouch! That really hurt!
You die...

#.##.### #......#
#..w...# #......#
### #...o..####
....###......?...
#..........?###
#....<.........
#.#.#oo@...## #
#o###### ...#
#.#.# #.#o# # #o.
... ##


You could see 2 orc priests, an orc wizard, a dart slug and an orc.

Vanquished Creatures
  3 adders
  A worm (D:2)
  A dart slug (D:1)
  A leopard gecko (D:3)
  5 goblins
  3 hobgoblins
  A kobold (D:3)
  A quokka (D:2)
  2 bats (D:2)
  3 frilled lizards (D:2)
  A rat (D:1)
22 creatures vanquished.

Vanquished Creatures (others)
  A kobold (D:1)
  2 plants (D:2)
3 creatures vanquished.

Grand Total: 25 creatures vanquished

Notes
Turn   | Place    | Note
-------+----------+-------------------------------------------
     0 | D:1      | iamserjio the Gargoyle Fighter began the quest for the Orb.
     0 | D:1      | Reached XP level 1. HP: 14/14 MP: 1/1
    76 | D:1      | You fall through a shaft!
    79 | D:2      | Reached XP level 2. HP: 19/19 MP: 2/2
   122 | D:2      | Reached XP level 3. HP: 8/23 MP: 3/3
   294 | D:4      | Killed from afar by an orc priest

Vault maps used:
D:1:      minmay_arrival_semitransparent, minmay_small_reverse_x
D:2:      first_ration, serial_forest, infiniplex_forest_clump_long,
          infiniplex_forest_lined_2, infiniplex_forest_straight_4,
          infiniplex_forest_lined_ring, infiniplex_forest_end_3,
          infiniplex_forest_straight_3, infiniplex_forest_clump_C,
          infiniplex_forest_clump_double, infiniplex_forest_lined_2,
          infiniplex_forest_end_2
D:3:      trog_eyes_of_draining, overflow_temple_1_default, uniq_jessica
D:4:      gammafunk_temple_overflow_statue, uniq_pikel

Skill      XL: |  1 |
---------------+----+-----
Axes           | 2 |  2.6
Fighting       | |  3.7
Armour         | |  3.7
Shields        | |  3.7

Action                   || total
-------------------------++-------
Melee: War axe           ||    83
  Use: Potion            ||     1
Armor: Scale mail        ||    53
Dodge: Dodged            ||    25
Block: Shield            ||    52

Table legend:
 A = Spawn XP
 B = Non-spawn XP
 C = Spawn XP percentage of total XP
 D = Spawn monster count
 E = Non-spawn monster count
 F = Spawn count percentage of total count
 G = Total turns spent on level
                    A         B        C        D         E        F      G
               +---------+---------+-------+---------+---------+-------+---------
         Total |       0 |      77 |   0.0 |       0 |      22 |   0.0 |   294
               +---------+---------+-------+---------+---------+-------+---------
           D:1 |       0 |       9 |   0.0 |       0 |       4 |   0.0 |    76
           D:2 |       0 |      48 |   0.0 |       0 |      14 |   0.0 |   169
           D:3 |       0 |      20 |   0.0 |       0 |       4 |   0.0 |    42
               +---------+---------+-------+---------+---------+-------+---------
